 Dungeon Sprint DCSS version 0.17-a0-1691-g18a3847 (webtiles) character file.

19589 Kidiri the Unseen (level 12, -8/45 HPs)
             Began as a Spriggan Enchanter on Aug 20, 2015.
             Was an Elder of Dithmenos.
             Mangled by a spriggan defender
             ... wielding a +2 demon whip of flaming
              (26 damage)
             ... in the Dungeon (Sprint IV: "Fedhas' Mad Dash").
             The game lasted 00:12:26 (3299 turns).

Kidiri the Unseen (Spriggan Enchanter)              Turns: 3299, Time: 00:12:26

Health: -8/45      AC:  3    Str:  4    XL:     12   Next: 37%
Magic:  22/32      EV: 35    Int: 19    God:    Dithmenos [****..]
Gold:   463        SH:  0    Dex: 19    Spells: 10 memorised, 4 levels left

rFire  + . .     SeeInvis +     n - +2 rapier (venom)
rCold  . . .     Clarity  .     b - +1 robe
rNeg   . . .     SustAt   .     (shield restricted)
rPois  .         Gourm    .     (helmet restricted)
rElec  .         Spirit   .     (no cloak)
rCorr  .         Warding  .     (gloves unavailable)
rMut   .         NoTele   +     (boots unavailable)
MR     ++...                    a - amulet of faith
Stlth  ++++......               l - ring of protection from fire
                                k - ring of invisibility

@: contaminated, glowing, very quick, very resistant to hostile enchantments,
stealthy
A: unfitting armour, see invisible, herbivore 3, speed 3, frail 1, slow
metabolism 2
a: Shadow Step, Renounce Religion, Evoke Invisibility


You were in the Dungeon.
You worshipped Dithmenos.
Dithmenos was greatly pleased with you.
You were not hungry.

You visited 1 branch You collected 501 gold pieces.
You spent 38 gold pieces at shops.

Inventory:

Hand weapons
 n - a +2 rapier of venom (weapon)
Armour
 b - a +1 robe (worn)
Jewellery
 a - an amulet of faith (around neck)
 k - a ring of invisibility (left hand)
 l - a ring of protection from fire (right hand)
Scrolls
 o - a scroll of remove curse {unknown}
Potions
 e - 4 potions of curing
 f - a potion of heal wounds
 g - a potion of haste
 h - 2 potions of magic
 i - a potion of berserk rage
Books
 m - a book of Geomancy

   Spells                             Type                      Level
   a - Sandblast                      Earth                        1
   b - Stoneskin                      Transmutation/Earth          2
   c - Passwall                       Transmutation/Earth          3
   d - Stone Arrow                    Conjuration/Earth            3
   e - Petrify                        Transmutation/Earth          4
   f - Lee's Rapid Deconstruction     Earth                        5
Comestibles
 p - 6 royal jellies


   Skills:
 + Level 10.6 Short Blades
 * Level 18.2 Dodging
 * Level 19.6 Stealth
 * Level 15.7 Spellcasting
 + Level 6.7 Conjurations
 + Level 12.0 Hexes
 + Level 8.7 Transmutations
 + Level 7.8 Ice Magic
 + Level 5.8 Earth Magic
 - Level 2.6 Invocations
 + Level 12.0 Evocations


You had 4 spell levels left.
You knew the following spells:

 Your Spells              Type           Power        Failure   Level  Hunger
a - Corona                Hex            ######.      1%          1    None
b - Ensorcelled Hibernat  Hex/Ice        ######       1%          2    None
c - Confuse               Hex            ######..     1%          3    None
d - Tukima's Dance        Hex            ######..     1%          3    None
e - Dazzling Spray        Conj/Hex       ######..     1%          3    None
f - Stoneskin             Trmt/Erth      #####...     1%          2    None
g - Irradiate             Conj/Trmt      #####.....   6%          5    ###....
h - Hydra Form            Trmt           #####.....   21%         6    #####..
i - Statue Form           Trmt/Erth      #####....    34%         6    #####..
j - Dragon Form           Trmt           #####.....   89%         7    ######.


Dungeon Overview and Level Annotations

Branches:
Dungeon (1/1)

Altars:
Cheibriados
Dithmenos
Elyvilon
Gozag
Kikubaaqudgha
Makhleb
Nemelex Xobeh
Okawaru
Qazlal
Ru
Sif Muna
Trog
Vehumet
Xom
Yredelemnul
Zin
The Shining One
Beogh
Jiyva
Lugonu

Shops:
D ?*:}*}(%=!=!?}(!*:*?(


Innate Abilities, Weirdness & Mutations

You are tiny and cannot use many weapons and most armour.
You have supernaturally acute eyesight.
You are a herbivore.
You cover ground extremely quickly.
You need consume almost no food.
You are frail (-10% HP).


Message History

Aim: a spriggan defender, wielding a demon whip of flaming, wearing a robe and wearing a buckler (umbra, chance to defeat MR: 0%)
Okay, then.
Unknown command.
Casting: Confuse
Confirm with . or Enter, or press ? or * to list all spells.
You erupt in a fountain of uncontrolled magic!
The spriggan defender is blasted with magical radiation!
The spriggan defender is heavily wounded.
The spriggan defender twists and deforms.
The spriggan defender barely misses you.
Casting: Irradiate
Confirm with . or Enter, or press ? or * to list all spells.
You erupt in a fountain of uncontrolled magic!
The spriggan defender is blasted with magical radiation!
The spriggan defender is almost dead.
The spriggan defender twists and deforms.
You are contaminated with residual magic.
The spriggan defender hits you with a demon whip of flaming!!
Ouch! That really hurt!
You die...

#####################
#<...#.....#.....#.⌠.
#...@i.....'.#[%.+._.
#....#.....#.#...#_._
###############i##._.
#...♣......i.'...#.⌠.
#......♣.....#...####
#.....♣..♣..######♣♣♣
##+####'######.)'....
#(.#....'.i.....#♣..♣
#..#.)###.......#.♣♣.


You could see a spriggan defender.

Vanquished Creatures
  Agnes (D)
  A ghost moth (D)
  A spriggan defender (D)
  2 spriggan berserkers (D)
  A spriggan druid (D)
  23 oklob plants (D)
  3 demonic crawlers (D)
  A queen bee (D)
  3 wandering mushrooms (D)
  3 burning bushes (D)
  6 wasps (D)
  2 scorpions (D)
  4 killer bees (D)
  5 oklob saplings (D)
  2 worker ants (D)
  8 spriggans (D)
  A river rat (D)
  A rat (D)
  3 ballistomycetes (D)
  9 fungi (D)
  2 giant spores (D)
82 creatures vanquished.

Notes
Turn   | Place    | Note
--------------------------------------------------------------
     0 | D        | Kidiri the Spriggan Enchanter began the quest for the Orb.
     0 | D        | Reached XP level 1. HP: 9/9 MP: 5/5
   180 | D        | Reached skill level 5 in Stealth
   180 | D        | Reached XP level 2. HP: 13/13 MP: 5/7
   192 | D        | Learned a level 2 spell: Ensorcelled Hibernation
   208 | D        | Noticed an oklob sapling
   209 | D        | Killed an oklob sapling
   209 | D        | Reached skill level 5 in Dodging
   209 | D        | Reached skill level 6 in Stealth
   209 | D        | Reached skill level 1 in Ice Magic
   209 | D        | Reached XP level 3. HP: 16/16 MP: 7/9
   214 | D        | Learned a level 3 spell: Confuse
   218 | D        | Learned a level 3 spell: Tukima's Dance
   227 | D        | Noticed a worker ant
   229 | D        | Killed a worker ant
   229 | D        | Reached skill level 7 in Stealth
   447 | D        | Found a snail-covered altar of Cheibriados.
   447 | D        | Found a glowing silver altar of Zin.
   447 | D        | Found a white marble altar of Elyvilon.
   448 | D        | Found a viscous altar of Jiyva.
   448 | D        | Found a radiant altar of Vehumet.
   448 | D        | Found a deep blue altar of Sif Muna.
   448 | D        | Found a burning altar of Makhleb.
   448 | D        | Found an ancient bone altar of Kikubaaqudgha.
   448 | D        | Found a bloodstained altar of Trog.
   448 | D        | Found a corrupted altar of Lugonu.
   448 | D        | Found a sacrificial altar of Ru.
   448 | D        | Noticed an oklob sapling priest
   449 | D        | Found a glowing golden altar of the Shining One.
   449 | D        | Found a sparkling altar of Nemelex Xobeh.
   450 | D        | Found a shadowy altar of Dithmenos.
   451 | D        | Found an iron altar of Okawaru.
   451 | D        | Found a shimmering altar of Xom.
   452 | D        | Found an opulent altar of Gozag.
   453 | D        | Found a basalt altar of Yredelemnul.
   453 | D        | Found a roughly hewn altar of Beogh.
   454 | D        | Found a stormy altar of Qazlal.
   459 | D        | Became a worshipper of Dithmenos the Shadowed
   462 | D        | Killed an oklob sapling priest
   462 | D        | Reached skill level 8 in Stealth
   462 | D        | Reached skill level 5 in Spellcasting
   462 | D        | Reached skill level 5 in Hexes
   462 | D        | Reached skill level 1 in Invocations
   462 | D        | Reached skill level 1 in Evocations
   462 | D        | Reached XP level 4. HP: 21/21 MP: 9/12
   552 | D        | Noticed an oklob sapling wizard
   555 | D        | Killed an oklob sapling wizard
   555 | D        | Reached XP level 5. HP: 24/24 MP: 10/14
   567 | D        | Noticed a scorpion
   571 | D        | Reached skill level 9 in Stealth
   572 | D        | Killed a scorpion
   603 | D        | Learned a level 3 spell: Dazzling Spray
   603 | D        | Found Numacwe's Antique Weapon Shop.
   603 | D        | Found Moec's Gadget Emporium.
   694 | D        | Noticed a burning bush
   694 | D        | Noticed a wandering mushroom
   695 | D        | Noticed a scorpion
   695 | D        | Noticed a wandering mushroom
   698 | D        | Killed a burning bush
   698 | D        | Reached skill level 10 in Stealth
   698 | D        | Reached skill level 1 in Conjurations
   698 | D        | Reached XP level 6. HP: 28/28 MP: 14/18
   703 | D        | Killed a wandering mushroom
   703 | D        | Reached skill level 5 in Short Blades
   703 | D        | Reached skill level 10 in Dodging
   703 | D        | Reached skill level 11 in Stealth
   703 | D        | Reached skill level 5 in Evocations
   703 | D        | Reached XP level 7. HP: 32/32 MP: 16/20
   704 | D        | Killed a scorpion
   707 | D        | Killed a wandering mushroom
   707 | D        | Reached skill level 12 in Stealth
   734 | D        | Found Hiosud's Book Shoppe.
   735 | D        | Found Mips's General Store.
   788 | D        | Noticed an oklob sapling
   791 | D        | Killed an oklob sapling
   791 | D        | Reached XP level 8. HP: 36/36 MP: 19/22
   805 | D        | Noticed a queen bee
   805 | D        | Noticed a killer bee
   806 | D        | Noticed a killer bee
   808 | D        | Noticed a killer bee
   808 | D        | Noticed a killer bee
   812 | D        | Killed a queen bee
   812 | D        | Reached skill level 10 in Spellcasting
   813 | D        | Killed a killer bee
   813 | D        | Acquired Dithmenos's first power
   816 | D        | Killed a killer bee
   817 | D        | Killed a killer bee
   817 | D        | Reached skill level 13 in Stealth
   818 | D        | Killed a killer bee
   927 | D        | Gained mutation: You are frail (-10% HP). [mutagenic glow]
  1168 | D        | Noticed an oklob plant
  1171 | D        | Killed an oklob plant
  1184 | D        | Noticed a burning bush
  1187 | D        | Killed a burning bush
  1187 | D        | Acquired Dithmenos's second power
  1187 | D        | Reached XP level 9. HP: 35/35 MP: 24/24
  1307 | D        | Noticed an oklob sapling
  1307 | D        | Noticed a burning bush
  1307 | D        | Noticed an oklob plant
  1308 | D        | Noticed a wandering mushroom
  1309 | D        | Killed a burning bush
  1309 | D        | Reached skill level 14 in Stealth
  1309 | D        | Reached skill level 5 in Ice Magic
  1314 | D        | Killed an oklob plant
  1317 | D        | Killed an oklob sapling
  1318 | D        | Killed a wandering mushroom
  1330 | D        | Noticed a spriggan druid
  1331 | D        | Killed a spriggan druid
  1331 | D        | Reached skill level 15 in Stealth
  1490 | D        | Noticed an oklob plant conjurer
  1492 | D        | Killed an oklob plant conjurer
  1499 | D        | Learned a level 2 spell: Stoneskin
  1505 | D        | Learned a level 5 spell: Irradiate
  1512 | D        | Learned a level 6 spell: Hydra Form
  1519 | D        | Learned a level 6 spell: Statue Form
  1631 | D        | Noticed an oklob plant
  1631 | D        | Noticed an oklob plant summoner
  1632 | D        | Noticed an oklob plant shifter
  1635 | D        | Killed an oklob plant
  1635 | D        | Reached skill level 1 in Transmutations
  1635 | D        | Reached XP level 10. HP: 39/39 MP: 21/27
  1637 | D        | Killed an oklob plant summoner
  1637 | D        | Reached skill level 1 in Earth Magic
  1640 | D        | Killed an oklob plant shifter
  1667 | D        | Noticed a demonic crawler
  1669 | D        | Killed a demonic crawler
  1671 | D        | Noticed a spriggan rider
  1671 | D        | Noticed a spriggan
  1671 | D        | Noticed a spriggan
  1769 | D        | Found Jatanito's Magic Scroll Emporium.
  1770 | D        | Found Enos's Weapon Shoppe.
  1771 | D        | Killed a spriggan
  1771 | D        | Reached skill level 16 in Stealth
  1772 | D        | Killed a spriggan
  1774 | D        | Killed a spriggan rider
  1774 | D        | Killed a wasp
  1774 | D        | Acquired Dithmenos's third power
  1774 | D        | Reached skill level 5 in Conjurations
  1774 | D        | Reached skill level 10 in Hexes
  1803 | D        | Identified a +3 rod of destruction (10/10) (You found it in the Dungeon)
  1807 | D        | Identified a scroll of acquirement
  1956 | D        | Noticed Agnes
  1958 | D        | Found Vawu Udo's Distillery.
  1958 | D        | Noticed a spriggan berserker
  1960 | D        | Killed a spriggan berserker
  1960 | D        | Reached skill level 15 in Dodging
  1961 | D        | Found Uwere's Assorted Antiques.
  1962 | D        | Killed Agnes
  1962 | D        | Reached skill level 17 in Stealth
  1962 | D        | Reached skill level 5 in Transmutations
  1962 | D        | Reached skill level 10 in Evocations
  1962 | D        | Reached XP level 11. HP: 42/42 MP: 18/29
  1981 | D        | Noticed a spriggan defender
  1988 | D        | Killed a spriggan defender
  2168 | D        | Noticed a spriggan rider
  2172 | D        | Noticed a spriggan
  2173 | D        | Killed a spriggan rider
  2173 | D        | Killed a wasp
  2176 | D        | Killed a spriggan
  2199 | D        | Noticed a wasp
  2199 | D        | Noticed a demonic crawler
  2199 | D        | Noticed a ghost moth
  2200 | D        | Found Quosiqal's Magic Scroll Shoppe.
  2200 | D        | Found Wovasa Huna's General Store.
  2200 | D        | Found Huret's Book Emporium.
  2206 | D        | Killed a wasp
  2207 | D        | Killed a demonic crawler
  2209 | D        | Killed a ghost moth
  2209 | D        | Acquired Dithmenos's fourth power
  2209 | D        | Reached skill level 18 in Stealth
  2290 | D        | Learned a level 7 spell: Dragon Form
  2292 | D        | Noticed an oklob plant shifter
  2292 | D        | Noticed an oklob plant meteorologist
  2294 | D        | Killed an oklob plant meteorologist
  2300 | D        | Killed an oklob plant shifter
  2384 | D        | Noticed a demonic crawler
  2384 | D        | Noticed a wasp
  2385 | D        | Noticed a spriggan rider
  2385 | D        | Noticed a wasp
  2387 | D        | Killed a wasp
  2388 | D        | Killed a demonic crawler
  2390 | D        | Killed a spriggan rider
  2390 | D        | Killed a wasp
  2392 | D        | Killed a wasp
  2629 | D        | Noticed an oklob plant summoner
  2630 | D        | Found Rauc Wae's Distillery.
  2631 | D        | Found Rywu's Magic Scroll Shop.
  2633 | D        | Killed an oklob plant summoner
  2637 | D        | Noticed an oklob plant demonologist
  2637 | D        | Noticed an oklob plant annihilator
  2638 | D        | Noticed a spriggan berserker
  2641 | D        | Killed a spriggan berserker
  2641 | D        | Reached skill level 10 in Short Blades
  2642 | D        | Killed an oklob plant demonologist
  2644 | D        | Killed an oklob plant annihilator
  2644 | D        | Reached skill level 5 in Earth Magic
  2747 | D        | Noticed a worker ant
  2749 | D        | Killed a worker ant
  2784 | D        | Found Imaydul's General Store.
  2784 | D        | Found Daradigyti's Gadget Shop.
  2784 | D        | Found Faphumn's Weapon Shoppe.
  2785 | D        | Found Luer's Distillery.
  2785 | D        | Found Ytte Xue's Gadget Boutique.
  2785 | D        | Found Cieg Ana's Food Emporium.
  2785 | D        | Found Atier's Jewellery Shop.
  2785 | D        | Found Sorcheti's Jewellery Boutique.
  2802 | D        | Bought a scroll of magic mapping for 38 gold pieces
  2817 | D        | Noticed an oklob plant
  2817 | D        | Noticed an oklob plant
  2817 | D        | Noticed an oklob plant
  2817 | D        | Noticed an oklob plant
  2817 | D        | Noticed an oklob plant
  2817 | D        | Noticed an oklob plant
  2818 | D        | Noticed an oklob plant
  2818 | D        | Noticed an oklob plant
  2818 | D        | Noticed an oklob plant
  2819 | D        | Killed an oklob plant
  2819 | D        | Reached skill level 15 in Spellcasting
  2820 | D        | Killed an oklob plant
  2820 | D        | Reached XP level 12. HP: 45/45 MP: 24/32
  2821 | D        | Killed an oklob plant
  2821 | D        | Reached skill level 19 in Stealth
  2822 | D        | Noticed an oklob plant
  2822 | D        | Noticed an oklob plant
  2822 | D        | Noticed an oklob plant
  2823 | D        | Killed an oklob plant
  2824 | D        | Killed an oklob plant
  2826 | D        | Killed an oklob plant
  2827 | D        | Killed an oklob plant
  2829 | D        | Killed an oklob plant
  2830 | D        | Killed an oklob plant
  2831 | D        | Killed an oklob plant
  2833 | D        | Killed an oklob plant
  2835 | D        | Killed an oklob plant
  3161 | D        | Noticed a spriggan defender
  3161 | D        | Noticed a spriggan defender
  3299 | D        | Mangled by a spriggan defender

Vault maps used:
D:        dungeon_sprint_fedhas

Action                   |  1- 3 |  4- 6 |  7- 9 | 10-12 || total
-------------------------+-------+-------+-------+-------++-------
Melee: Dagger            |   169 |     4 |       |       ||   173
       Rapier            |       |     5 |    21 |    78 ||   104
 Cast: Dazzling Spray    |       |       |       |     4 ||     4
       Tukima's Dance    |       |       |       |     2 ||     2
       Irradiate         |       |       |       |     2 ||     2
       Ensorcelled Hiber |       |       |       |     1 ||     1
Invok: Shadow Step       |       |       |     1 |    14 ||    15
 Abil: Evoke Invisibilit |     1 |     2 |     6 |     8 ||    17
  Use: Scroll            |       |       |       |     3 ||     3
       Potion            |       |       |       |     1 ||     1
 Stab: Sleeping          |     4 |     7 |    12 |    37 ||    60
       Invisible         |       |     1 |     5 |       ||     6
  Eat: Bread ration      |       |       |     1 |       ||     1
       Royal jelly       |       |       |       |     3 ||     3
       Pizza             |       |       |       |     1 ||     1
